 Dungeon Crawl Stone Soup version 0.19.1-1-g22dce08 (webtiles) character file.

429 theAP the Cudgeler (level 6, -1/47 HPs)
             Began as a Demonspawn Chaos Knight on Dec 31, 2016.
             Slain by a worm (9 damage)
             ... in a sewer.
             The game lasted 00:11:34 (2337 turns).

theAP the Cudgeler (Demonspawn Chaos Knight)        Turns: 2337, Time: 00:11:34

Health: -1/47      AC:  6    Str: 15    XL:     6   Next: 66%
Magic:  6/6        EV: 11    Int: 13    God:    Xom [.....*]
Gold:   128        SH:  0    Dex: 12    Spells: 0 memorised, 5 levels left

rFire  + . .     SeeInvis .     a - +0 mace (chaos)
rCold  . . .     Gourm    .     j - +1 leather armour {rF+}
rNeg   . . .     Faith    .     (no shield)
rPois  .         Spirit   .     (no helmet)
rElec  .         Reflect  .     (no cloak)
rCorr  .         Harm     .     (no gloves)
MR     .....                    (no boots)
Stlth  +.........               (no amulet)
                                (no ring)
                                (no ring)

@: no status effects
A: iridescent scales 1, demonic guardian 1
a: Renounce Religion


You were in a sewer.
You worshipped Xom.
You were Xom's teddy bear.
You were hungry.

You visited 1 branch of the dungeon, and saw 3 of its levels.
You also visited: Sewer.

You collected 128 gold pieces.

Inventory:

Hand Weapons
 a - a +0 mace of chaos (weapon)
Armour
 b - a +3 leather armour
 j - a +1 leather armour of fire resistance (worn)
Jewellery
 f - a cursed ring of resist corrosion
Potions
 g - a potion of brilliance {unknown}
Comestibles
 c - a bread ration
 d - a meat ration


   Skills:
 - Level 3.1 Fighting
 * Level 6.9 Maces & Flails
 - Level 1.8 Armour
 - Level 0.8 Dodging


You had 5 spell levels left.
You didn't know any spells.

Dungeon Overview and Level Annotations

Branches:
Dungeon (3/15)

Altars:


Innate Abilities, Weirdness & Mutations

You are partially covered in iridescent scales. (AC +2)
A weak demonic guardian rushes to your aid.


Message History

The worm is lightly wounded.
The worm bites you!
* * * LOW HITPOINT WARNING * * *
A shower of butterflies erupts from you!
You hit the worm but do no damage.
The worm is lightly wounded.
The worm bites you but does no damage.
Your unstable footing causes you to fumble your attack.
You hit the worm. You freeze the worm.
The worm is moderately wounded.
The worm splashes around in the water.
You hit the worm.
The worm is heavily wounded.
The worm splashes around in the water.
You hit the worm but do no damage.
The worm is heavily wounded.
You barely miss the worm.
The worm is heavily wounded.
The worm bites you!
You die...

#≈≈≈≈≈≈≈..####≈...≈≈
.≈.≈≈.≈≈≈.≈.########
≈..#####...≈≈# ..#
##.≈≈.# ≈# ##≈.≈#
#≈≈b# #b.≈# ##≈≈≈##
#w@≈≈≈# #≈###≈# #≈
≈# #≈ .# ≈≈ ≈# #≈ #≈


You could see a worm.

Vanquished Creatures
  4 big kobolds (Sewer)
  6 adders
  3 river rats
  3 oozes
  5 worms
  2 leopard geckos
  3 ball pythons
  2 giant cockroaches
  5 hobgoblins
  2 bats (D:2)
  4 frilled lizards
  8 goblins
  9 kobolds
  14 rats
70 creatures vanquished.

Vanquished Creatures (collateral kills)
  A bat (D:1)
1 creature vanquished.

Grand Total: 71 creatures vanquished

Notes
Turn   | Place    | Note
-------+----------+-------------------------------------------
     0 | D:1      | theAP the Demonspawn Chaos Knight began the quest for the Orb.
     0 | D:1      | Reached XP level 1. HP: 18/18 MP: 1/1
    54 | D:1      | XOM: harmless Chrm miscast
    66 | D:1      | XOM: potion effect (heal wounds)
   190 | D:1      | XOM: cast spell 'Call Canine Familiar'
   191 | D:1      | Reached skill level 3 in Maces & Flails
   247 | D:1      | Gained mutation: You are partially covered in iridescent scales. (AC +2) [demonic ancestry]
   247 | D:1      | Reached XP level 2. HP: 21/24 MP: 2/2
   662 | D:1      | XOM: harmless Summ miscast
   917 | D:2      | Reached XP level 3. HP: 15/29 MP: 3/3
  1040 | D:2      | XOM: 1-stop teleportation journey
  1048 | D:2      | Reached skill level 4 in Maces & Flails
  1103 | D:2      | XOM: polymorph kobold -> leopard gecko
  1385 | D:2      | Reached XP level 4. HP: 35/35 MP: 4/4
  1828 | D:3      | Found a glowing drain.
  1850 | Sewer    | Entered a sewer
  1946 | Sewer    | Noticed a big kobold
  1964 | Sewer    | XOM: blink monster(s)
  1969 | Sewer    | Killed a big kobold
  1969 | Sewer    | Reached skill level 5 in Maces & Flails
  1969 | Sewer    | Reached XP level 5. HP: 27/41 MP: 5/5
  2001 | Sewer    | XOM: noise
  2083 | Sewer    | XOM: harmless Ice miscast
  2108 | Sewer    | XOM: confusion
  2143 | Sewer    | Reached skill level 6 in Maces & Flails
  2143 | Sewer    | Gained mutation: A weak demonic guardian rushes to your aid. [demonic ancestry]
  2143 | Sewer    | Reached XP level 6. HP: 35/47 MP: 6/6
  2156 | Sewer    | XOM: cleaving
  2278 | Sewer    | XOM: confuse monster(s)
  2331 | Sewer    | XOM: butterfly on damage
  2337 | Sewer    | Slain by a worm

Skill      XL: |  1  2  3  4  5 |
---------------+----------------+-----
Maces & Flails | 3 4 5 6 |  6.9
Fighting       | |  3.1
Armour         | |  1.8
Dodging        | |  0.8

Action                   |  1- 3 |  4- 6 || total
-------------------------+-------+-------++-------
Melee: Mace              |   100 |   228 ||   328
  Use: Scroll            |     4 |     2 ||     6
       Potion            |       |     7 ||     7
 Stab: Confused          |       |     2 ||     2
       Paralysed         |       |     1 ||     1
  Eat: Chunk             |       |     5 ||     5
Armor: Leather armour    |    49 |    72 ||   121
Dodge: Dodged            |    60 |   118 ||   178
